[gd_scene load_steps=7 format=3 uid="uid://dmjydi7k7ot57"]

[ext_resource type="Texture2D" uid="uid://benacidkmmjpp" path="res://assets/creatures/cocatricius-verdus.png" id="1_kbxk4"]
[ext_resource type="Script" path="res://animation_manager.gd" id="1_myjhq"]

[sub_resource type="Animation" id="Animation_ne6k7"]
length = 0.001
tracks/0/type = "value"
tracks/0/imported = false
tracks/0/enabled = true
tracks/0/path = NodePath(".:rotation")
tracks/0/interp = 1
tracks/0/loop_wrap = true
tracks/0/keys = {
"times": PackedFloat32Array(0),
"transitions": PackedFloat32Array(1),
"update": 0,
"values": [Vector3(0, 0, -0.174533)]
}
tracks/1/type = "value"
tracks/1/imported = false
tracks/1/enabled = true
tracks/1/path = NodePath(".:offset")
tracks/1/interp = 1
tracks/1/loop_wrap = true
tracks/1/keys = {
"times": PackedFloat32Array(0),
"transitions": PackedFloat32Array(1),
"update": 0,
"values": [Vector2(0, 68)]
}

[sub_resource type="Animation" id="Animation_rum8g"]
resource_name = "walking"
length = 1.6
loop_mode = 1
tracks/0/type = "value"
tracks/0/imported = false
tracks/0/enabled = true
tracks/0/path = NodePath(".:position")
tracks/0/interp = 1
tracks/0/loop_wrap = true
tracks/0/keys = {
"times": PackedFloat32Array(),
"transitions": PackedFloat32Array(),
"update": 0,
"values": []
}
tracks/1/type = "value"
tracks/1/imported = false
tracks/1/enabled = true
tracks/1/path = NodePath(".:offset")
tracks/1/interp = 1
tracks/1/loop_wrap = true
tracks/1/keys = {
"times": PackedFloat32Array(0, 0.2, 0.4, 0.6, 0.8, 1, 1.2, 1.4, 1.6),
"transitions": PackedFloat32Array(1, 1, 1, 1, 1, 1, 1, 1, 1),
"update": 0,
"values": [Vector2(0, 64), Vector2(0, 68), Vector2(0, 60), Vector2(0, 68), Vector2(0, 64), Vector2(0, 68), Vector2(0, 60), Vector2(0, 68), Vector2(0, 64)]
}
tracks/2/type = "value"
tracks/2/imported = false
tracks/2/enabled = true
tracks/2/path = NodePath(".:rotation")
tracks/2/interp = 1
tracks/2/loop_wrap = true
tracks/2/keys = {
"times": PackedFloat32Array(0, 0.2, 0.4, 0.6, 0.8, 1, 1.2, 1.4, 1.6),
"transitions": PackedFloat32Array(1, 1, 1, 1, 1, 1, 1, 1, 1),
"update": 0,
"values": [Vector3(0, 0, 0), Vector3(0, 0, 0.174533), Vector3(0, 0, 0.349066), Vector3(0, 0, 0.174533), Vector3(0, 0, 0), Vector3(0, 0, -0.174533), Vector3(0, 0, -0.349066), Vector3(0, 0, -0.174533), Vector3(0, 0, 0)]
}

[sub_resource type="AnimationLibrary" id="AnimationLibrary_yton1"]
_data = {
"RESET": SubResource("Animation_ne6k7"),
"walking": SubResource("Animation_rum8g")
}

[sub_resource type="ConvexPolygonShape3D" id="ConvexPolygonShape3D_2rkk4"]
points = PackedVector3Array(-4, -4, 0, -4, 4, 0, 4, 4, 0, 4, -4, 0)

[node name="Sprite3D" type="Sprite3D"]
transform = Transform3D(0.00984808, 0.00173648, 0, -0.00173648, 0.00984808, 0, 0, 0, 0.01, 0, 0, 0)
offset = Vector2(0, 68)
texture = ExtResource("1_kbxk4")
script = ExtResource("1_myjhq")

[node name="Animator" type="AnimationPlayer" parent="."]
libraries = {
"": SubResource("AnimationLibrary_yton1")
}

[node name="Area3D" type="Area3D" parent="."]
collision_layer = 4
collision_mask = 4

[node name="CollisionShape3D" type="CollisionShape3D" parent="Area3D"]
shape = SubResource("ConvexPolygonShape3D_2rkk4")

[connection signal="input_event" from="Area3D" to="." method="_on_area_3d_input_event"]
[connection signal="mouse_entered" from="Area3D" to="." method="_on_area_3d_mouse_entered"]
[connection signal="mouse_exited" from="Area3D" to="." method="_on_area_3d_mouse_exited"]
